 Dungeon Crawl Stone Soup version 0.29-a0-320-g9f8742066b (webtiles) character file.

Game seed: 6104399044590030385

1087 chopper the Chopper (level 8, -9/70 HPs)
             Began as a Minotaur Fighter on Apr 3, 2022.
             Mangled by an ogre
             ... wielding a +0 giant spiked club
              (16 damage)
             ... on level 6 of the Dungeon.
             The game lasted 00:29:47 (5895 turns).

chopper the Chopper (Minotaur Fighter)              Turns: 5895, Time: 00:29:48

Health: -9/70      AC: 12    Str: 21    XL:     8   Next: 9%
Magic:  7/7        EV:  8    Int:  5    God:
Gold:   284        SH: 10    Dex: 12    Spells: 7/7 levels left

rFire   + . .      SeeInvis .   a - +0 war axe
rCold   . . .      Faith    .   c - +0 buckler
rNeg    . . .      Spirit   .   m - +0 chain mail
rPois   .          Reflect  +   (helmet restricted)
rElec   .          Harm     .   n - +0 cloak
rCorr   .          Rampage  .   (no gloves)
Will    .....                   j - +0 pair of boots
Stlth   ..........              x - amulet of reflection
HPRegen 0.21/turn               i - ring of protection from fire
MPRegen 0.10/turn               (no ring)

@: hasted, very quick
A: horns 2, retaliatory headbutt
a: no special abilities


You were on level 6 of the Dungeon.
You visited 1 branch of the dungeon, and saw 6 of its levels.

You collected 284 gold pieces.

Inventory:

Hand Weapons
 a - a +0 war axe (weapon)
 s - a +2 vorpal falchion
Missiles
 k - 13 poisoned darts (quivered)
Armour
 c - a +0 buckler (worn)
 j - a +0 pair of boots (worn)
 m - a +0 chain mail (worn)
 n - a +0 cloak (worn)
Jewellery
 i - a ring of protection from fire (left hand)
 x - an amulet of reflection (around neck)
Wands
 p - a wand of polymorph (7)
 t - a wand of flame (31)
Scrolls
 b - 3 scrolls of teleportation
 f - a scroll of silence
 h - 2 scrolls of enchant armour
 l - 3 scrolls of vulnerability
 o - 3 scrolls of torment
 r - a scroll of immolation {unknown}
 v - 2 scrolls of identify
 y - a scroll of noise {unknown}
Potions
 d - 3 potions of might
 g - 2 potions of flight
 u - a potion of ambrosia {unknown}
 w - a potion of mutation {unknown}


   Skills:
 + Level 6.0 Fighting
 + Level 7.4 Axes
 + Level 0.7 Throwing
 + Level 6.1 Armour
 + Level 2.3 Dodging
 + Level 0.5 Stealth
 + Level 5.3 Shields
 + Level 0.9 Unarmed Combat


You had 7 spell levels left.
You didn't know any spells.
Your spell library was empty.

Dungeon Overview and Level Annotations

Branches:
Dungeon (6/15)
 Temple: D:4-7

Altars:
Gozag
Ru

Shops:
D:5 *

Annotations:
D:5 Pikel


Innate Abilities, Weirdness & Mutations

You have a pair of horns on your head.
You reflexively headbutt those who attack you in melee.


Message History

You closely miss Pikel. Your headbutt misses Pikel.
Pikel is lightly wounded.
You closely miss the shadow imp. You slash the lemure!
You barely miss the lemure.
The shadow imp hits you but does no damage.
Pikel hits you with a +2 whip of flaming.
Pikel burns you. You block the lemure's attack. The lemure closely misses you.
The lemure barely misses you.
Pikel hits you with a +2 whip of flaming!
Pikel burns you. You block the shadow imp's attack. The lemure hits you.
Blink to where?
Press: ? - help, Dir - move target
As you read the scroll of blinking, it crumbles to dust.
The shadow imp gestures at you. Pain shoots through your body!
* * * LOW HITPOINT WARNING * * *
The shadow imp picks up a beetle and eats it.
Pikel says, "Hell isn't that bad."
You climb downwards.
The ogre shouts!
Found 13 gold pieces and a scroll of teleportation.
There is a stone staircase leading up here.
Aiming: Polymorph
Press: ? - help, Shift-Dir - straight line, f - ogre
Aim: an ogre, wielding a +0 giant spiked club (will become a wyvern, a bullfrog, or a worm, chance to affect: 49%)
The ogre resists with some effort.
The ogre misses you. You furiously retaliate!
You headbutt the ogre!
Aiming: Polymorph
Press: ? - help, Shift-Dir - straight line, f/p - ogre
Aim: an ogre, wielding a +0 giant spiked club (heavily wounded, will become a wyvern, a bullfrog, or a worm, chance to affect: 49%)
The ogre resists with some effort.
Aiming: Polymorph
Press: ? - help, Shift-Dir - straight line, f/p - ogre
Aim: an ogre, wielding a +0 giant spiked club (heavily wounded, will become a wyvern, a bullfrog, or a worm, chance to affect: 49%)
The ogre resists with some effort.
The ogre hits you with a +0 giant spiked club!
* * * LOW HITPOINT WARNING * * *
It was a potion of haste.
You feel yourself speed up.
The ogre hits you with a +0 giant spiked club!
You die...

#. ###.
+... ...
.. #. ###
##.##...##
#..@.....+
#..$O..?.#
#........#
+.......##
#.......#
######+##


You could see an ogre.

Vanquished Creatures
  Grinder (D:3)
  Menkaure (D:5)
  A water moccasin (D:3)
  A sky beast (D:3)
  A phantom (D:4)
  A necrophage (D:4)
  3 orc priests
  An iguana (D:3)
  An orc wizard (D:3)
  Terence (D:2)
  11 gnolls
  3 adders
  A worm (D:2)
  3 dart slugs
  13 orcs
  4 bats
  7 endoplasms
  2 giant cockroaches
  3 goblins
  6 hobgoblins
  13 jackals
  10 kobolds
  2 quokkas
  5 ball pythons
  3 frilled lizards
  29 rats
127 creatures vanquished.

Notes
Turn   | Place    | Note
-------+----------+-------------------------------------------
     0 | D:1      | chopper the Minotaur Fighter began the quest for the Orb.
     0 | D:1      | Reached XP level 1. HP: 19/19 MP: 0/0
   241 | D:1      | Reached XP level 2. HP: 22/27 MP: 1/1
   991 | D:1      | Reached XP level 3. HP: 30/33 MP: 2/2
  1210 | D:2      | Found a faded altar of an unknown god.
  1280 | D:2      | Reached skill level 3 in Axes
  1501 | D:2      | Found a sacrificial altar of Ru.
  1506 | D:2      | Noticed Terence
  1514 | D:2      | Killed Terence
  1705 | D:2      | Reached XP level 4. HP: 30/40 MP: 3/3
  2275 | D:3      | Reached skill level 1 in Dodging
  2369 | D:3      | Noticed Grinder
  2382 | D:3      | Paralysed by Grinder for 3 turns
  2391 | D:3      | Killed Grinder
  2392 | D:3      | Reached skill level 5 in Axes
  2392 | D:3      | Reached skill level 5 in Armour
  2392 | D:3      | Reached XP level 5. HP: 21/47 MP: 4/4
  2392 | D:3      | Reached XP level 6. HP: 24/53 MP: 5/5
  2958 | D:3      | Noticed a sky beast
  2967 | D:3      | Killed a sky beast
  3701 | D:3      | Noticed a water moccasin
  3707 | D:3      | Killed a water moccasin
  3708 | D:3      | Reached skill level 5 in Fighting
  3708 | D:3      | Reached skill level 6 in Axes
  3708 | D:3      | Reached XP level 7. HP: 28/61 MP: 6/6
  4511 | D:4      | Reached skill level 7 in Axes
  4736 | D:4      | Reached skill level 5 in Shields
  5484 | D:5      | Entered Level 5 of the Dungeon
  5574 | D:5      | Noticed Menkaure
  5585 | D:5      | Killed Menkaure
  5586 | D:5      | Reached XP level 8. HP: 39/70 MP: 7/7
  5783 | D:5      | Found Gozag's Platinum Reserve.
  5783 | D:5      | Found an opulent altar of Gozag.
  5872 | D:5      | Noticed Pikel
  5895 | D:6      | Mangled by an ogre

Illustrated notes

Levels and vault maps discovered:
D:1:      dpeg_arrival_court, layout_loops_cross, feat_on_display
D:2:      layout_loops_ring, chequers_ecumenical_altar_island, basic_altar,
          kennysheep_path_1, uniq_terence
D:3:      kennysheep_six_static_rooms, layout_basic,
          chequers_serial_rivers_small_a, minmay_rat_hole, uniq_grinder
D:4:      layout_cave_pools, serial_column_ruins, column_ruins_grid_1,
          column_ruins_columns_straight, column_ruins_open_medium,
          column_ruins_columns_corner, column_ruins_open_small
D:5:      old_forge, layout_gridville, nicolae_gozag_zags_fifth_avenue,
          grunt_ministairs_15, serial_park_tiny_1, uniq_menkaure, uniq_pikel
D:6:      layout_gridville, minmay_temple_entry_hall

Skill      XL: |  1  2  3  4  5  6  7 |
---------------+----------------------+-----
Shields        | 4 5 |  5.3
Fighting       | 4 5 6 |  6.0
Armour         | 4 5 6 |  6.1
Axes           | 3 5 6 7 |  7.4
Dodging        | 1 2 |  2.3
Throwing       | |  0.7
Stealth        | |  0.5
Unarmed Combat | |  0.9

Action                   |  1- 3 |  4- 6 |  7- 9 || total
-------------------------+-------+-------+-------++-------
Melee: War axe           |    67 |    83 |   112 ||   262
       Headbutt          |    15 |    13 |    19 ||    47
       Unarmed           |       |    10 |       ||    10
Throw: Dart              |       |       |    13 ||    13
Evoke: Wand              |       |       |     3 ||     3
  Use: Scroll            |       |     7 |     1 ||     8
       Potion            |       |       |     1 ||     1
Armor: Scale mail        |    36 |       |       ||    36
       Chain mail        |     2 |    66 |    92 ||   160
       Skin              |       |     2 |       ||     2
Dodge: Dodged            |    44 |    46 |    71 ||   161
Block: Buckler           |    18 |    19 |    41 ||    78

Table legend: (Time is in decaauts)
 A = Elapsed time spent in this place.
 B = Non-inter-level travel time spent in this place.
 C = Inter-level travel time spent in this place.
 D = Time resting spent in this place.
 E = Time spent auto-exploring this place.
 F = Levels seen in this place.
 G = Mean time per level.
                   A        B        C        D        E       F      G
               +--------+--------+--------+--------+--------+-----+--------+
         Total |   5981 |   5981 |      0 |   1635 |      0 |   6 |  996.8 |
       Dungeon |   5981 |   5981 |      0 |   1635 |      0 |   6 |  996.8 |
               +--------+--------+--------+--------+--------+-----+--------+

Top non-repeatable levels by time:
     D:3: 2570 daAuts
     D:1: 1220 daAuts
     D:2: 956 daAuts
     D:4: 820 daAuts
     D:5: 408 daAuts
     D:6: 3 daAuts
